 Dungeon Crawl Stone Soup version 0.24.0-37-gcf1ca852f1 (webtiles) character file.

Game seed: 16173289224178709496, levelgen mode: deterministic

23816 DildoBatman the Lord of Darkness (level 13, 0/79 HPs)
             Began as a Formicid Wizard on Nov 24, 2019.
             Was the Champion of Kikubaaqudgha.
             Slain by a troll (6 damage)
             ... on level 1 of the Orcish Mines on Nov 25, 2019.
             The game lasted 00:50:24 (11606 turns).

DildoBatman the Lord of Darkness (Formicid Wizard) Turns: 11606, Time: 00:50:25

Health: 0/79       AC:  9    Str: 12    XL:     13   Next: 38%
Magic:  11/33      EV: 11    Int: 25    God:    Kikubaaqudgha [******]
Gold:   642        SH: 12    Dex:  9    Spells: 4/26 levels left

rFire    . . .     SeeInvis +   i - +9 dire flail (freeze) (curse)
rCold    . . .     Gourm    .   V - +2 shield
rNeg     . . .     Faith    .   o - +0 troll leather armour
rPois    .         Spirit   .   (helmet unavailable)
rElec    .         Reflect  .   S - +2 cloak
rCorr    .         Harm     .   N - +0 pair of gloves
MR       +....                  D - +0 pair of boots {Fly}
Stlth    ++........             m - amulet of magic regeneration
HPRegen  0.63/turn              X - ring of magical power
MPRegen  0.48/turn              w - +2 ring of intelligence

@: flying
A: permanent stasis, dig shafts and tunnels, four strong arms, antennae 3
a: Dig, Shaft Self, Receive Corpses, Torment, Brand Weapon With Pain, Receive
Necronomicon, Renounce Religion, Stop Flying


You were on level 1 of the Orcish Mines.
You worshipped Kikubaaqudgha.
Kikubaaqudgha was exalted by your worship.
You were very hungry.

You visited 3 branches of the dungeon, and saw 15 of its levels.

You collected 858 gold pieces.
You spent 216 gold pieces at shops.

Inventory:

Hand Weapons
 a - the +5 rapier of Anxiety {pierce, rF+}
   (You took it off an orc priest on level 11 of the Dungeon)

   It inflicts extra damage upon your enemies.
   It protects you from fire.
 b - a +0 hunting sling
 d - a +2 scimitar of flaming
 e - a +0 glaive
 i - a cursed +9 dire flail of freezing (weapon)
Missiles
 p - 158 arrows
 q - 109 sling bullets
 H - 81 bolts
Armour
 o - a +0 troll leather armour (worn)
 D - a +0 pair of boots of flying (worn)
 N - a +0 pair of gloves (worn)
 Q - a +0 large shield
 S - a +2 cloak (worn)
 V - a +2 shield (worn)
Magical Staves
 t - an uncursed staff of summoning {unknown}
Jewellery
 m - an amulet of magic regeneration (around neck)
 w - a +2 ring of intelligence (right hand)
 X - a ring of magical power (left hand)
Wands
 f - a wand of iceblast (5)
Scrolls
 j - a scroll of vulnerability {unknown}
 k - a scroll of fear
 r - 4 scrolls of fog
 u - a scroll of immolation
 x - 2 scrolls of remove curse
 y - 6 scrolls of enchant armour {unknown}
 z - a scroll of identify
 B - a scroll of enchant weapon
 C - 3 scrolls of magic mapping
 F - 2 scrolls of blinking {unknown}
 L - 4 scrolls of amnesia
 R - a scroll of brand weapon {unknown}
Potions
 h - 3 potions of curing
 l - a potion of lignification {unknown}
 n - 3 potions of flight {unknown}
 s - 3 potions of invisibility {unknown}
 A - 2 potions of agility {unknown}
 G - 2 potions of ambrosia {unknown}
 I - a potion of haste {unknown}
 J - 2 potions of degeneration {unknown}
 O - 2 potions of mutation {unknown}
 P - 3 potions of might {unknown}
 T - 4 potions of resistance {unknown}
 W - a potion of brilliance {unknown}
 Y - a potion of magic {unknown}
Miscellaneous
 g - a lightning rod (4/4)
Comestibles
 v - 16 rations


   Skills:
 - Level 1.7 Dodging
 - Level 2.4 Stealth
 - Level 9.0 Shields
 - Level 7.3 Spellcasting
 - Level 6.1 Conjurations
 - Level 5.0 Charms
   Level 1.0 Summonings
 - Level 10.0 Necromancy
   Level 0.8 Translocations
 - Level 5.0 Fire Magic
 * Level 9.3 Air Magic
 - Level 9.0 Earth Magic


You had 4 spell levels left.
You knew the following spells:

 Your Spells              Type           Power        Failure   Level  Hunger
a - Conjure Flame         Conj/Fire      #####...     2%          3    None
b - Borgnjor's Vile Clut  Necr/Erth      ######....   4%          5    #####..
c - Magic Dart            Conj           ####         1%          1    None
d - Regeneration          Chrm/Necr      #####.....   1%          3    None
e - Mephitic Cloud        Conj/Pois/Air  ####....     3%          3    None
h - Dispel Undead         Necr           ######..     3%          5    #####..
z - Sublimation of Blood  Necr           ######....   1%          2    None

Your spell library contained the following spells:

 Spells                   Type           Power        Failure   Level  Hunger
 Animate Skeleton         Necr           N/A          1%          1    None
 Pain                     Necr           ####         1%          1    None
 Searing Ray              Conj           #####.       1%          2    None
 Animate Dead             Necr           N/A          1%          4    ###....
 Summon Small Mammal      Summ           ##..         5%          1    None
 Apportation              Tloc           ##....       6%          1    None
 Dazzling Spray           Conj/Hex       ###...       7%          3    None
 Iskenderun's Mystic Bla  Conj           #####...     7%          4    ###....
 Confusing Touch          Hex            #.....       9%          1    None
 Call Imp                 Summ           ##......     9%          2    None
 Slow                     Hex            #.......     12%         2    None
 Force Lance              Conj/Tloc      ####....     21%         4    ###....
 Fulminant Prism          Conj/Hex       ###.......   24%         4    ###....
 Cause Fear               Hex            #.........   63%         4    ###....
 Agony                    Necr           ######..     3%          5    #####..
 Excruciating Wounds      Chrm/Necr      #####.....   11%         5    #####..
 Silence                  Hex/Air        ####......   32%         5    #####..
 Deflect Missiles         Chrm/Air       #####.....   54%         6    ######.
 Yara's Violent Unravell  Hex/Tmut       #.........   92%         5    #####..
 Discord                  Hex            #.........   100%        8    #######
 Blink                    Tloc           Unusable     N/A         2    N/A

Dungeon Overview and Level Annotations

Branches:
Dungeon (12/15)            Temple (1/1) D:4            Lair (0/6) D:11
    Orc (2/2) D:9
    Elf: Orc:2

Altars:
Ashenzari
Cheibriados
Dithmenos
Elyvilon
Fedhas
Gozag
Hepliaklqana
Kikubaaqudgha
Makhleb
Nemelex Xobeh
Okawaru
Qazlal
Ru
Sif Muna
Trog
Uskayaw
Vehumet
Wu Jian
Xom
Yredelemnul
Zin
The Shining One
Beogh

Shops:
D:8 (*%%!   Orc:1 *[[?   Orc:2 (:}

Annotations:
D:2 exclusion: dancing weapon
D:3 exclusion: phantom
D:4 1 exclusion


Innate Abilities, Weirdness & Mutations

You cannot be hasted, slowed, berserked, paralysed or teleported.
You can dig through walls and to a lower floor.
Your four strong arms can wield two-handed weapons with a shield.
You have a pair of large antennae on your head. (SInv)


Message History

Cornered, the ogre turns to fight!
There is a stone staircase leading up here.
The troll bites you! The troll claws you but does no damage.
The troll claws you.
The ogre screams, "Help!"
The deep troll bites you!!
The deep troll claws you but does no damage.
You block the deep troll's attack. The orc hits you but does no damage.
The orc wizard shouts!
You fly upwards.
There is a stone staircase leading down here.
Okay, then.
You extend your mandibles.
You dig through the rock wall.
You block the troll's attack. The troll claws you.
You die...
Kikubaaqudgha rasps: "You have failed me!
Welcome... death!"

......#.#...........#.####....##
._.................[...#..####.##
....................).#.### ##.#
....................[)[## ##.
.....................[..## ##
....................)....## #.
...................)....#.## #.
.#.............>T.[[..#....## #.
##.............T@[[#.#....#.## #.
..................)####...##.###.
##................[..#...####.#.#
#.....................#.## ##...
...........#.....#.#.#### ##..
#...#..........##...## ##.)
.......#........##.## ##...
...........8.#.##### #....
..........#.....# ##....


You could see a deep troll and a troll.

Vanquished Creatures
  An orc warlord (Orc:1)
  A hydra (D:11)
  3 two-headed ogres
  An ogre mage (Orc:2)
  A death yak (D:7)
  A deep troll (Orc:2)
  An unseen horror (D:11)
  2 orc knights
  2 orc sorcerers
  2 ugly things (D:11)
  2 cyclopes
  2 komodo dragons (D:11)
  A polar bear (D:8)
  9 trolls
  3 hippogriffs
  A spriggan (D:8)
  A wraith (D:11)
  Eustachio (D:9)
  14 yaks
  2 hungry ghosts (D:10)
  2 wargs (Orc:1)
  Menkaure (D:7)
  An acid dragon (D:11)
  16 orc warriors
  9 ice beasts
  4 sky beasts
  A phantom (D:8)
  3 wolves (D:8)
  19 ogres
  7 necrophages
  3 centaurs
  2 big kobolds
  Blork the orc (D:9)
  5 bullfrogs
  A wyvern zombie (D:11)
  2 gnoll sergeants (D:9)
  2 scorpions (D:7)
  A wyvern skeleton (D:8)
  8 wights
  3 killer bees (D:11)
  A howler monkey (D:5)
  A jelly (D:10)
  2 electric eels (D:8)
  5 crimson imps
  3 bullfrog zombies
  2 quasits (D:6)
  2 centaur zombies
  4 hounds
  2 bullfrog skeletons
  15 orc priests
  Crazy Yiuf (D:7)
  3 centaur skeletons
  13 orc wizards
  4 iguanas
  6 worker ants
  A killer bee zombie (D:8)
  2 bullfrog simulacra (D:8)
  A worker ant zombie (D:5)
  A howler monkey skeleton (D:7)
  15 adders
  A shadow imp (D:6)
  3 white imps (D:8)
  A worker ant simulacrum (D:8)
  A howler monkey simulacrum (D:8)
  2 ufetubi (D:8)
  An adder zombie (D:7)
  5 worms
  2 dart slugs (D:3)
  An adder simulacrum (D:8)
  9 leopard geckos
  56 orcs
  8 bats
  7 giant cockroaches
  7 hobgoblins
  9 jackals
  13 kobolds
  6 quokkas
  2 ball pythons (D:2)
  6 frilled lizards
  11 goblins
  7 rats
  A spectral orc (D:5)
385 creatures vanquished.

Vanquished Creatures (collateral kills)
  A worker ant (D:7)
1 creature vanquished.

Vanquished Creatures (others)
  A worker ant (D:7)
  26 plants
27 creatures vanquished.

Grand Total: 413 creatures vanquished

Notes
Turn   | Place    | Note
-------+----------+-------------------------------------------
     0 | D:1      | DildoBatman the Formicid Wizard began the quest for the
                  | Orb.
     0 | D:1      | Reached XP level 1. HP: 13/13 MP: 4/4
    13 | D:1      | Reached skill level 1 in Conjurations
   354 | D:1      | Reached XP level 2. HP: 19/19 MP: 6/6
   737 | D:1      | Reached XP level 3. HP: 24/24 MP: 5/7
   742 | D:1      | Learned a level 3 spell: Conjure Flame
   746 | D:1      | Learned a level 3 spell: Mephitic Cloud
  1152 | D:2      | Found a faded altar of an unknown god.
  1254 | D:2      | Reached XP level 4. HP: 15/30 MP: 1/8
  1748 | D:2      | Found a hide-covered altar of Uskayaw.
  1749 | D:2      | Noticed a +0 dagger
  1749 | D:2      | Noticed a +0 hand axe
  1923 | D:2      | Reached XP level 5. HP: 22/35 MP: 0/9
  3079 | D:4      | Found a basalt altar of Yredelemnul.
  3081 | D:4      | Noticed a phantom
  3185 | D:4      | Reached skill level 5 in Conjurations
  3185 | D:4      | Reached XP level 6. HP: 31/41 MP: 10/10
  3333 | D:4      | Found a staircase to the Ecumenical Temple.
  3342 | Temple   | Entered the Ecumenical Temple
  3580 | Temple   | Became a worshipper of Kikubaaqudgha
  4209 | D:5      | Entered Level 5 of the Dungeon
  4286 | D:5      | Reached XP level 7. HP: 42/46 MP: 11/11
  4389 | D:5      | Reached skill level 1 in Shields
  4389 | D:5      | Reached skill level 1 in Fire Magic
  4389 | D:5      | Reached skill level 1 in Air Magic
  4607 | D:5      | Reached * piety under Kikubaaqudgha
  4607 | D:5      | Identified Kikubaaqudgha's Collected Works on Evil Rites
                  | (Kikubaaqudgha gifted it to you on level 5 of the Dungeon)
  4607 | D:5      | Received a gift from Kikubaaqudgha
  4750 | D:5      | Reached XP level 8. HP: 52/52 MP: 12/12
  4753 | D:5      | Found a basalt altar of Yredelemnul.
  5015 | D:6      | Found a shadowy altar of Dithmenos.
  5639 | D:6      | Reached skill level 5 in Fire Magic
  5916 | D:6      | Reached XP level 9. HP: 49/57 MP: 13/13
  6012 | D:7      | Reached skill level 5 in Air Magic
  6016 | D:7      | Learned a level 2 spell: Sublimation of Blood
  6020 | D:7      | Learned a level 3 spell: Regeneration
  6042 | D:7      | Noticed Menkaure
  6050 | D:7      | Killed Menkaure
  6050 | D:7      | Reached skill level 1 in Charms
  6050 | D:7      | Reached skill level 1 in Necromancy
  6100 | D:7      | Reached skill level 2 in Necromancy
  6163 | D:7      | Reached skill level 3 in Necromancy
  6216 | D:7      | Reached ** piety under Kikubaaqudgha
  6373 | D:7      | Found a runed translucent door.
  6374 | D:7      | Noticed Crazy Yiuf
  6389 | D:7      | Killed Crazy Yiuf
  6641 | D:8      | Noticed a death yak
  6678 | D:7      | HP: 2/57 [death yak (18)]
  6947 | D:7      | Killed a death yak
  6947 | D:7      | Reached skill level 5 in Charms
  6947 | D:7      | Reached skill level 5 in Necromancy
  6947 | D:7      | Reached XP level 10. HP: 36/63 MP: 7/14
  7002 | D:8      | Reached skill level 6 in Necromancy
  7048 | D:8      | Found Mielaf's Antique Weapon Shoppe.
  7091 | D:8      | Found a burning altar of Makhleb.
  7207 | D:8      | Found Netwunee's Distillery.
  7232 | D:8      | Reached skill level 7 in Necromancy
  7401 | D:8      | Found Ciadwut's General Store.
  7531 | D:8      | Reached skill level 8 in Necromancy
  7540 | D:8      | Reached *** piety under Kikubaaqudgha
  7540 | D:8      | Identified Kikubaaqudgha's Papyrus of Black Rites
                  | (Kikubaaqudgha gifted it to you on level 8 of the Dungeon)
  7540 | D:8      | Received a gift from Kikubaaqudgha
  7584 | D:8      | Found Noecurh Hana's Food Shop.
  7587 | D:8      | Found Lyoxepoh's Food Emporium.
  7802 | D:8      | Found a blossoming altar of Fedhas.
  7916 | D:8      | Reached skill level 9 in Necromancy
  8012 | D:9      | Noticed Blork the orc
  8022 | D:9      | Killed Blork the orc
  8022 | D:9      | Reached skill level 5 in Spellcasting
  8037 | D:9      | Learned a level 5 spell: Dispel Undead
  8045 | D:9      | Noticed Eustachio
  8070 | D:9      | Killed Eustachio
  8070 | D:9      | Reached XP level 11. HP: 68/68 MP: 18/18
  8143 | D:9      | Found a staircase to the Orcish Mines.
  8863 | D:10     | Entered Level 10 of the Dungeon
  8896 | D:10     | Reached skill level 5 in Shields
  9189 | D:10     | Reached **** piety under Kikubaaqudgha
  9888 | D:11     | Noticed a six-headed hydra
  9895 | D:11     | Killed a six-headed hydra
  9902 | D:11     | Learned a level 5 spell: Borgnjor's Vile Clutch
  9919 | D:11     | Noticed a two-headed ogre
  9953 | D:11     | Reached skill level 1 in Earth Magic
 10017 | D:11     | Identified the +5 rapier of Anxiety {pierce, rF+}
 10026 | D:11     | Noticed an unseen horror
 10044 | D:11     | Killed an unseen horror
 10044 | D:11     | Reached XP level 12. HP: 59/74 MP: 23/23
 10134 | D:11     | Reached skill level 5 in Earth Magic
 10423 | D:11     | Killed a two-headed ogre
 10423 | D:11     | Reached ***** piety under Kikubaaqudgha
 10462 | D:11     | Found a staircase to the Lair.
 10737 | Orc:1    | Entered Level 1 of the Orcish Mines
 10924 | Orc:1    | Found Idwim's Magic Scroll Shop.
 10931 | Orc:1    | Bought a scroll of noise for 16 gold pieces
 11063 | Orc:2    | Entered Level 2 of the Orcish Mines
 11063 | Orc:2    | Found Leufor's Gadget Shop.
 11063 | Orc:2    | Found Saih Tet's Weapon Boutique.
 11063 | Orc:2    | Noticed a two-headed ogre
 11064 | Orc:2    | Noticed a two-headed ogre
 11065 | Orc:2    | Noticed a two-headed ogre
 11126 | Orc:1    | Noticed an orc warlord
 11193 | Orc:1    | Killed an orc warlord
 11193 | Orc:1    | Reached skill level 10 in Necromancy
 11300 | Orc:1    | Found Sodiuwee's Antique Armour Shoppe.
 11320 | Orc:1    | Found Eluusaa's Assorted Antiques.
 11324 | Orc:1    | Found Votoongept's Armour Shoppe.
 11341 | Orc:1    | Bought a scroll labeled ASEMOPPI ASHRA for 31 gold pieces
 11341 | Orc:1    | Bought a scroll labeled NOFOANGUKH for 31 gold pieces
 11345 | Orc:1    | Bought a +0 pair of boots of flying for 138 gold pieces
 11368 | Orc:1    | Found a roughly hewn altar of Beogh.
 11489 | Orc:2    | Found Qoimuaxi's Book Shop.
 11489 | Orc:2    | Noticed a deep troll
 11489 | Orc:2    | Noticed an ogre mage
 11508 | Orc:2    | Reached XP level 13. HP: 79/79 MP: 24/24
 11582 | Orc:2    | Reached ****** piety under Kikubaaqudgha
 11606 | Orc:1    | Slain by a troll

Levels and vault maps discovered:
D:1:      dpeg_arrival_rhombus, layout_basic
D:2:      minmay_general_purpose_star, layout_rooms, dancing_weapons_uskayaw,
          chequers_ecumenical_altar_grove, serial_forest,
          infiniplex_forest_end_1, infiniplex_forest_end_2,
          infiniplex_forest_end_1, infiniplex_forest_clump_tiny,
          infiniplex_forest_corner_1, infiniplex_forest_corner_2,
          infiniplex_forest_lined_ring, infiniplex_forest_clump_long,
          infiniplex_forest_clump_diagonal, minmay_pentomino_pile
D:3:      layout_basic
D:4:      layout_gridville, minmay_temple_entry_stoned_glass, first_ration,
          kennysheep_diamond
D:5:      layout_cave_pools, yredelemnul_forgotten_temple_becter
D:6:      layout_basic, nicolae_dithmenos_the_darkroom
D:7:      layout_rooms, zaba_anthole, uniq_menkaure, uniq_crazy_yiuf_cottage
D:8:      layout_rooms, bloody_makhleb, serial_ice, serial_ice_e, serial_ice_n,
          serial_ice_f, serial_ice_b, serial_ice_i, serial_ice_o, serial_ice_c,
          serial_ice_a, serial_ice_d, serial_ice_h, serial_shops, shop,
          kennysheep_mini_moat, shop_coins, nicolae_shop_trees,
          nicolae_shop_behind_doors, the_bakery, fedhas_altar_decomposition
D:9:      layout_loops_corners, orc_0_dummy, sword_in_stone
D:10:     layout_grid_maze, st_stairs_4
D:11:     layout_big_octagon, david_lair_shrubbed
D:12:     layout_loops_ring, ebering_ghost_inner_flame
Temple:   dpeg_five_rooms_temple
Orc:1:    layout_caves, serial_shops, shop, nicolae_shop_statue_plus, shop,
          shop, basic_altar
Orc:2:    st_orc_open, layout_caves, basic_altar, uniq_rupert

Skill      XL: |  1  2  3  4  5  6  7  8  9 10 11 12 13 |
---------------+----------------------------------------+-----
Conjurations   | 1 2 3 4 5 6 |  6.1
Shields        | 2 3 9 |  9.0
Fire Magic     | 2 5 |  5.0
Air Magic      | 2 4 5 7 9 |  9.3
Charms         | 5 |  5.0
Necromancy     | 5 9 10 | 10.0
Spellcasting   | 5 7 |  7.3
Earth Magic    | 4 9 |  9.0
Dodging        | |  1.7
Stealth        | |  2.4
Summonings     | |  1.0
Translocations | |  0.8

Action                   |  1- 3 |  4- 6 |  7- 9 | 10-12 | 13-15 || total
-------------------------+-------+-------+-------+-------+-------++-------
Melee: Club              |       |     8 |       |       |       ||     8
       Mace              |       |     2 |     2 |       |       ||     4
       Dagger            |       |       |     1 |       |       ||     1
       Flail             |       |       |    49 |   150 |       ||   199
       Glaive            |       |       |       |   126 |       ||   126
       Dire flail        |       |       |       |   134 |    19 ||   153
 Fire: Hunting sling     |    83 |    87 |   212 |     1 |       ||   383
 Cast: Magic Dart        |    41 |    96 |   106 |    97 |       ||   340
       Mephitic Cloud    |       |    10 |    28 |    56 |     9 ||   103
       Conjure Flame     |       |     3 |    33 |    69 |     3 ||   108
       Regeneration      |       |       |     1 |    25 |     3 ||    29
       Dispel Undead     |       |       |       |    11 |       ||    11
       Borgnjor's Vile C |       |       |       |    36 |     4 ||    40
       Sublimation of Bl |       |       |       |     1 |     1 ||     2
 Abil: Dig               |     1 |     4 |     9 |    18 |     4 ||    36
  Use: Scroll            |       |     5 |     2 |     8 |     1 ||    16
       Potion            |       |       |     1 |       |       ||     1
 Stab: Confused          |       |       |     6 |     7 |     1 ||    14
       Sleeping          |       |       |       |     1 |       ||     1
  Eat: Chunk             |     1 |    10 |    13 |    32 |     1 ||    57
       Ration            |       |       |       |     1 |       ||     1
Armor: Robe              |     6 |    10 |       |       |       ||    16
       Leather armour    |       |     4 |    19 |    78 |       ||   101
       Troll leather arm |       |       |       |    29 |     3 ||    32
Dodge: Dodged            |    18 |    51 |    44 |   162 |    17 ||   292
Block: Shield            |       |     1 |       |    96 |    14 ||   111
       Buckler           |       |       |    11 |    25 |       ||    36
